 Dungeon Crawl Stone Soup version 0.27-a0-498-g7ecbb0a48f (webtiles) character file.

Game seed: 7956109686424882358

141 siradein the Sneak (level 5, -7/38 HPs)
             Began as a Vampire Brigand on Mar 3, 2021.
             Killed by divine providence
             ... invoked by an orc priest
              (9 damage)
             ... on level 4 of the Dungeon.
             The game lasted 00:10:22 (2648 turns).

siradein the Sneak (Vampire Brigand)                Turns: 2648, Time: 00:10:22

Health: -7/38      AC: 11    Str: 10    XL:     5   Next: 3%
Magic:  5/5        EV:  1    Int: 14    God:
Gold:   123        SH:  0    Dex: 16    Spells: 4/4 levels left

rFire    . . .     SeeInvis +   a - +0 trident
rCold    . . .     Faith    .   (no shield)
rNeg     . . .     Spirit   .   n - +0 plate armour
rPois    .         Reflect  .   (no helmet)
rElec    .         Harm     .   c - +0 cloak
rCorr    .         Rampage  .   (no gloves)
Will     .....                  (no boots)
Stlth    ..........             (no amulet)
HPRegen  0.32/turn              (no ring)
MPRegen  0.09/turn              (no ring)

@: regenerating quickly
A: fangs 3, see invisible, unbreathing 1
a: Exsanguinate


You were on level 4 of the Dungeon.
You visited 1 branch of the dungeon, and saw 4 of its levels.

You collected 123 gold pieces.

Inventory:

Hand Weapons
 a - a +0 trident (weapon)
 v - a +0 hunting sling
Missiles
 b - 49 arrows
 d - 17 poisoned darts (quivered)
 e - 2 curare-tipped darts
 j - 73 stones
 k - 70 bolts
 y - 17 sling bullets
 z - a throwing net
Armour
 c - a +0 cloak (worn)
 n - a +0 plate armour (worn)
Jewellery
 w - a +6 ring of strength
Scrolls
 i - 2 scrolls of teleportation {unknown}
 l - a scroll of fog {unknown}
 p - a scroll of noise {unknown}
 q - a scroll of immolation {unknown}
 s - a scroll of enchant armour {unknown}
 u - 3 scrolls of identify
 x - a scroll of random uselessness {unknown}
Potions
 f - a potion of mutation {unknown}
 g - 2 potions of flight
 h - 3 potions of brilliance
 m - 3 potions of curing {unknown}
 r - a potion of attraction {unknown}
 t - 2 potions of heal wounds {unknown}
 A - a potion of magic {unknown}


   Skills:
 - Level 1.7 Fighting
 - Level 3.4 Short Blades
 + Level 1.9 Polearms
 + Level 3.2 Throwing
 - Level 1.1 Dodging
 - Level 5.8 Stealth


You had 4 spell levels left.
You didn't know any spells.
Your spell library contained the following spells:

 Spells                   Type           Power        Failure   Level
 Magic Dart               Conj           0%           100%        1
 Blink                    Tloc           N/A          100%        2
 Call Imp                 Summ           0%           100%        2
 Slow                     Hex            0%           100%        2
 Conjure Flame            Conj/Fire      0%           100%        3
 Mephitic Cloud           Conj/Pois/Air  0%           100%        3


Dungeon Overview and Level Annotations

Branches:
Dungeon (4/15)
 Temple: D:4-7

Altars:
Qazlal


Innate Abilities, Weirdness & Mutations

Your natural rate of healing is unusually fast.
You have razor-sharp teeth.
You have supernaturally acute eyesight. (SInv)
You can survive without breathing.


Message History

The orc wizard is almost dead.
The orc wizard hits you but does no damage.
The frilled lizard bites you but does no damage.
The orc hits you from afar with a +0 trident.
The orc hits you but does no damage.
You closely miss the orc wizard.
The orc wizard is almost dead.
The orc wizard hits you but does no damage.
The frilled lizard bites you. The orc barely misses you.
The orc wizard points at you and mumbles some strange words.
The puff of flame hits you. The orc completely misses you.
You hit the orc wizard.
You kill the orc wizard!
The frilled lizard bites you but does no damage.
The orc hits you but does no damage. The frilled lizard bites you.
The orc hits you but does no damage.
You have reached level 5!
You feel clever.
Unknown command.
Unknown command.
A quokka and an orc come into view.
The orc shouts!
You hear a shout!
An orc comes into view. It is wielding a +0 short sword.
An orc comes into view. It is wielding a +0 club.
An orc priest comes into view. It is wielding a +0 club.
The orc shouts!
The orc priest shouts!
The orc hits you with a +0 dagger.
The orc hits you but does no damage. x2; The frilled lizard bites you.
The orc hits you with a +0 trident. The orc hits you but does no damage.
The frilled lizard bites you. The orc hits you but does no damage.
An orc opens the door.
The orc hits you from afar with a +0 trident.
* * * LOW HITPOINT WARNING * * *
The orc hits you with a +0 flail.
* * * LOW HITPOINT WARNING * * *
The quokka bites you.
* * * LOW HITPOINT WARNING * * *
The orc priest calls down the wrath of Beogh upon you.
Beogh smites you!
You die...

#...# #.....# #...#####.....#
####.............#
#................# ..(.
#................# ....
#................# # ....(
#................###..
....(########................#
.............@...........##..#
......(....o...#####.....##..#
.......)...or..........>..#...
..........w....#####.<....#...
.....##...ol########......####
.........o#.# #......†.......
......(.o.#o# #...........###
..##.....#'# #...........# #
#.....................#


You could see a worm, an orc priest, 5 orcs, a quokka and a frilled lizard.

Vanquished Creatures
  An orc wizard (D:4)
  5 adders
  An ooze (D:3)
  2 worms (D:3)
  3 dart slugs
  2 leopard geckos
  2 orcs (D:3)
  3 bats
  3 giant cockroaches
  7 goblins
  A hobgoblin (D:1)
  11 jackals
  3 kobolds
  3 frilled lizards
  5 rats
52 creatures vanquished.

Notes
Turn   | Place    | Note
-------+----------+-------------------------------------------
     0 | D:1      | siradein the Vampire Brigand began the quest for the Orb.
     0 | D:1      | Reached XP level 1. HP: 16/16 MP: 1/1
   115 | D:1      | Reached XP level 2. HP: 8/22 MP: 2/2
   811 | D:2      | Reached XP level 3. HP: 13/27 MP: 3/3
  1377 | D:2      | Reached XP level 4. HP: 12/33 MP: 4/4
  1656 | D:3      | Reached skill level 1 in Polearms
  2274 | D:3      | Found a stormy altar of Qazlal.
  2638 | D:4      | Reached XP level 5. HP: 19/38 MP: 5/5
  2648 | D:4      | Killed from afar by an orc priest

Illustrated notes

Levels and vault maps discovered:
D:1:      grunt_arrival_lava_bath, layout_rooms, hangedman_decor_points,
          grunt_decor_junction, minmay_crystal_water
D:2:      layout_basic
D:3:      layout_loops_ring, nicolae_qazlal_general_emergency
D:4:      minmay_opposing_rooms, layout_basic, overflow_temple_1_default,
          temple_fountains

Skill      XL: |  1  2  3  4 |
---------------+-------------+-----
Throwing       | 2 3 |  3.2
Short Blades   | 3 |  3.4
Polearms       | 1 |  1.9
Fighting       | |  1.7
Dodging        | |  1.1
Stealth        | |  5.8

Action                   |  1- 3 |  4- 6 || total
-------------------------+-------+-------++-------
Melee: Dagger            |    74 |       ||    74
       Short sword       |    24 |     6 ||    30
       Bite              |     6 |    10 ||    16
       Trident           |    32 |    71 ||   103
 Fire: Hunting sling     |       |    35 ||    35
  Use: Scroll            |       |     2 ||     2
 Stab: Sleeping          |     3 |       ||     3
Armor: Ring mail         |    18 |       ||    18
       Scale mail        |    24 |       ||    24
       Plate armour      |    50 |    67 ||   117
Dodge: Dodged            |    38 |     7 ||    45

Table legend: (Time is in decaauts)
 A = Elapsed time spent in this place.
 B = Non-inter-level travel time spent in this place.
 C = Inter-level travel time spent in this place.
 D = Time resting spent in this place.
 E = Time spent auto-exploring this place.
 F = Levels seen in this place.
 G = Mean time per level.
                   A        B        C        D        E       F      G
               +--------+--------+--------+--------+--------+-----+--------+
         Total |   2663 |   2641 |     22 |     12 |   1965 |   4 |  665.8 |
       Dungeon |   2663 |   2641 |     22 |     12 |   1965 |   4 |  665.8 |
               +--------+--------+--------+--------+--------+-----+--------+

Top non-repeatable levels by time:
     D:3: 914 daAuts
     D:2: 817 daAuts
     D:1: 763 daAuts
     D:4: 168 daAuts
